 Dungeon Crawl Stone Soup version 0.25-a0-1113-g0499d652a8 (webtiles) character file.

Game seed: 6582018069931530415, levelgen mode: classic

19 Amnesiac the Ogre Mage (level 2, 0/24 HPs)
             Began as an Ogre Wizard on May 16, 2020.
             Succumbed to an adder's poison
             ... on level 2 of the Dungeon.
             The game lasted 00:01:37 (430 turns).

Amnesiac the Ogre Mage (Ogre Wizard)                 Turns: 430, Time: 00:01:38

Health: 0/24       AC:  3    Str:  8 (10) XL:     2   Next: 75%
Magic:  3/6        EV:  9    Int: 18 (19) God:
Gold:   57         SH:  0    Dex:  4 (7)  Spells: 3/8 levels left

rFire    . . .     SeeInvis .   g - +0 club
rCold    . . .     Gourm    .   (no shield)
rNeg     . . .     Faith    .   a - +0 robe
rPois    .         Spirit   .   b - +0 hat
rElec    .         Reflect  .   (no cloak)
rCorr    .         Harm     .   (gloves unavailable)
MR       .....                  (boots unavailable)
Stlth    +.........             (no amulet)
HPRegen  0.08/turn              (no ring)
MPRegen  0.10/turn              (no ring)

@: lethally poisoned (0 -> -8), very slightly contaminated, invisible
A: large, unfitting armour, tough skin 1
a: no special abilities


You were on level 2 of the Dungeon.
You were not hungry.

You visited 1 branch of the dungeon, and saw 3 of its levels.

You collected 57 gold pieces.

Inventory:

Hand Weapons
 g - a +0 club (weapon)
Missiles
 e - 22 sling bullets
 f - 45 stones (quivered)
Armour
 a - a +0 robe (worn)
 b - a +0 hat (worn)
Scrolls
 i - a scroll of enchant weapon {!r, unknown}
 k - a scroll of magic mapping {!r, unknown}
 m - a scroll of identify {!r, unknown}
 n - a scroll of noise {!r, unknown}
Potions
 l - a potion of invisibility {!q}
Comestibles
 c - 6 chunks of flesh
 d - 3 rations


   Skills:
 + Level 0.0 Fighting
 - Level 0.5 Maces & Flails
 - Level 1.7 Dodging
 - Level 1.4 Stealth
 - Level 3.9 Spellcasting
 - Level 1.8 Conjurations
 - Level 0.8 Summonings
 - Level 0.8 Translocations


You had 3 spell levels left.
You knew the following spells:

 Your Spells              Type           Power        Failure   Level  Hunger
a - Magic Dart            Conj           ##..         7%          1    None
b - Call Imp              Summ           #.......     16%         2    ##.....
v - Blink                 Tloc           N/A          16%         2    ##.....

Your spell library contained the following spells:

 Spells                   Type           Power        Failure   Level  Hunger
 Slow                     Hex            #.......     22%         2    ##.....
 Conjure Flame            Conj/Fire      #.......     30%         3    ###....
 Mephitic Cloud           Conj/Pois/Air  #.......     34%         3    ###....


Dungeon Overview and Level Annotations

Branches:
Dungeon (3/15)

Altars:
Sif Muna


Innate Abilities, Weirdness & Mutations

You are too large for most types of armour.
You have tough skin. (AC +1)


Message History

Your magical contamination has completely faded away.
There is a stone staircase leading down here.
The adder bites you.
You are poisoned.
The adder poisons you!
You feel sick. The adder barely misses you. The quokka bites you.
The adder bites you.
You are more poisoned.
The adder poisons you!
You see here a +0 dagger.
You feel sick. The adder bites you.
* * * LOW HITPOINT WARNING * * *
You are lethally poisoned!
The adder poisons you!
* * * LOW HITPOINT WARNING * * *
You feel sick.
* * * LOW HITPOINT WARNING * * *
You feel sick. The adder barely misses you.
Casting: Magic Dart (safe; 6% risk of failure)
Confirm with . or Enter, or press ? or * to list all spells.
A beastly little devil appears in a puff of flame.
The adder barely misses you.
You swap places.
* * * LOW HITPOINT WARNING * * *
You feel sick. The adder misses your crimson imp.
Your crimson imp blinks!
Really quaff
l - 2 sapphire potions {!q}?
It was a potion of invisibility {!q}.
You fade into invisibility!
* * * LOW HITPOINT WARNING * * *
You feel sick.
Your crimson imp blinks!
The adder barely misses you.
You are very lightly contaminated with residual magic.
Really quaff
h - a bubbling emerald potion {!q}?
It was a potion of magic {!q}.
Magic courses through your body. The adder closely misses you.
Okay, then.
Casting: Call Imp (safe; 14% risk of failure)
Confirm with . or Enter, or press ? or * to list all spells.
A beastly little devil appears in a puff of flame.
* * * LOW HITPOINT WARNING * * *
You feel sick. The adder bites you but does no damage.
* * * LOW HITPOINT WARNING * * *
You feel sick. The adder bites you.
* * * LOW HITPOINT WARNING * * *
You are more poisoned.
The adder poisons you!
You see here a frilled lizard skeleton.
* * * LOW HITPOINT WARNING * * *
You feel sick.
Really quaff
j - a sedimented inky potion {!q}?
It was a potion of degeneration {!q}.
There was something very wrong with that liquid.
You feel weakened.
You feel dopey.
You feel clumsy. The adder closely misses you.
The quokka closely misses your crimson imp.
Casting: Call Imp (safe; 16% risk of failure)
Confirm with . or Enter, or press ? or * to list all spells.
Aiming: Magic Dart (safe; 7% risk of failure)
Press: ? - help, Shift-Dir - straight line, f - adder
Aim: an adder (heavily wounded)
You miscast Magic Dart.
Nothing appears to happen.
You die...

... #....#....# ..
#..##..##.# #
#..##.###.# ##...###.#
#.#############
....####.#
#..##..........
.........#
##..##.........
#..#....##
##.##........#
####..#####..#.........
##.@S5###.).........
####r..............
#######.........
#>........ #........#
#.......## #####.###
###


You could see an adder, a quokka and a friendly crimson imp (summoned).

Vanquished Creatures
  2 leopard geckos
  A bat (D:2)
  A giant cockroach (D:1)
  4 hobgoblins (D:1)
  2 quokkas (D:2)
  3 frilled lizards (D:2)
  A kobold (D:2)
  2 rats (D:1)
16 creatures vanquished.

Notes
Turn   | Place    | Note
-------+----------+-------------------------------------------
     0 | D:1      | Amnesiac the Ogre Wizard began the quest for the Orb.
     0 | D:1      | Reached XP level 1. HP: 16/16 MP: 5/5
    23 | D:1      | Reached skill level 1 in Conjurations
    80 | D:2      | Found a shimmering blue altar of Sif Muna.
   153 | D:2      | Reached XP level 2. HP: 24/24 MP: 1/6
   203 | D:2      | Learned a level 2 spell: Blink
   206 | D:2      | Learned a level 2 spell: Call Imp
   428 | D:2      | HP: 1/24 [poisoned by an adder]
   430 | D:2      | Succumbed to an adder's poison

Illustrated notes

Levels and vault maps discovered:
D:1:      onia_arrival_mini_maze_b, layout_basic
D:2:      layout_rooms, overflow_temple_1_default,
          lemuel_coloured_pillars_altar, chequers_ecumenical_altar_simple,
          first_ration
D:3:      corexii_shack_village, layout_basic, uniq_ijyb, uniq_grinder

Skill      XL: |  1 |
---------------+----+-----
Conjurations   | 1 |  1.8
Maces & Flails | |  0.5
Dodging        | |  1.7
Stealth        | |  1.4
Spellcasting   | |  3.9
Summonings     | |  0.8
Translocations | |  0.8

Action                   || total
-------------------------++-------
Melee: Unarmed           ||     3
       Club              ||    17
 Cast: Magic Dart        ||    35
       Call Imp          ||     2
  Use: Potion            ||     3
Armor: Robe              ||    11
Dodge: Dodged            ||    29

Table legend:
 A = Non-vault XP
 B = Vault XP
 C = Vault XP percentage of total XP
 D = Non-vault monster count
 E = Vault monster count
 F = Vault count percentage of total count
                 A         B        C        D         E       F
            +---------+---------+-------+---------+---------+-------
      Total |      28 |       0 |   0.0 |      16 |       0 |   0.0
            +---------+---------+-------+---------+---------+-------
        D:1 |      15 |       0 |   0.0 |       8 |       0 |   0.0
        D:2 |      10 |       0 |   0.0 |       7 |       0 |   0.0
        D:3 |       3 |       0 |   0.0 |       1 |       0 |   0.0
            +---------+---------+-------+---------+---------+-------
